details: 'SanjuroandthealleyofNOHARASSCUS'

« prev index next »

General information

Mini Map

Players

team 1
OrcFree.dom (purple | 53 APM | 346 actions | 06:33)
Hero icon 1 Blademaster
Ability icon 1 Wind Walk

» actions
Assign group hotkey11
Basic commands13
Build / train21
Enter build submenu15
Enter hero's abilities submenu1
Remove unit from queue1
Right click137
Select / deselect51
Select group hotkey77
Use ability19
346 total
» units
Peon6
Grunt5
Troll Headhunter/Berserker4
15 total
» buildings
Orc Burrow3
Altar of Storms1
Barracks2
War Mill1
Voodoo Lounge1
Watch Tower4
12 total
» build order
00:04 Orc Burrow
00:07 Altar of Storms
01:06 Orc Burrow
01:30 Barracks
01:57 War Mill
02:08 Voodoo Lounge
03:56 Watch Tower
03:59 Watch Tower
05:04 Barracks
05:08 Watch Tower
06:15 Watch Tower
06:29 Orc Burrow
» items
Lesser Clarity Potion1
Healing Salve1
Scroll of Speed1
3 total
team 2
UndeadTALONSAREIMBA (pink | 102 APM | 672 actions | 06:35)
Hero icon 2 Death Knight
Ability icon 1 Death Coil
Ability icon 1 Unholy Aura

» actions
Assign group hotkey11
Build / train19
Enter build submenu8
Enter hero's abilities submenu2
Right click344
Select / deselect92
Select group hotkey170
Use ability26
672 total
» units
Acolyte2
Ghoul3
Crypt Fiend5
10 total
» buildings
Crypt1
Graveyard1
Altar of Darkness1
Ziggurat3
Tomb of Relics1
Nerubian Tower1
Halls of the Dead1
Spirit Tower1
10 total
» build order
00:05 Crypt
00:16 Graveyard
00:39 Altar of Darkness
00:57 Ziggurat
01:24 Tomb of Relics
02:00 Ziggurat
03:55 Nerubian Tower
04:53 Halls of the Dead
04:59 Ziggurat
05:57 Spirit Tower
» items
Rod of Necromancy3
3 total